AoeStats
← Reis

Nomad

504341065Analyzed
4v4 RM · 29d ago on Sep 4, 2026· 40m 2s· 8 players
Game mode
Random Map
Map size
231×231
Population
200
Speed
Normal
Resources
Standard
Victory
Conquest
Starting age
Dark Age
Ending age
Imperial Age
RankedLock teamsTeams togetherTeam positionsShared explorationLock speedFull tech treeHidden civsTurbo modeCheats
Victory
Defeat
🇦🇷 Mongols · Argentina
1476
+14
🇲🇽 Dravidians · Mexico
1450
+15
🇺🇸 Vietnamese · United States
1401
+17
🇹🇼 Celts · Taiwan
1377
+17
🇪🇸 Vietnamese · Spain
1438
-16
🇨🇭 Bulgarians · Switzerland
1434
-16
🇬🇧 Italians · United Kingdom
1423
-16
🇲🇽 Persians · Mexico
1410
-15
mairlarabe
4:16 Loom
12:38 Feudal Age
14:44 Double-Bit Axe
19:48 Fishing Lines
23:05 Castle Age
23:50 Medium Warships
31:41 Fletching
35:16 Imperial Age
34:11 Wheelbarrow
34:32 Bloodlines
34:23 Husbandry
34:32 Scale Barding Armor
36:22 Chain Barding Armor
jeffarin_bobzos
5:25 Loom
14:25 Feudal Age
17:56 Castle Age
16:50 Double-Bit Axe
16:58 Gold Mining
18:10 Stone Mining
19:13 Bow Saw
21:08 Wheelbarrow
20:24 Fishing Lines
21:52 Fletching
23:09 Bodkin Arrow
24:34 Horse Collar
32:39 Padded Archer Armor
33:17 Leather Archer Armor
32:56 Gillnets
33:57 Ballistics
37:32 Hand Cart
37:30 Treadmill Crane
38:00 Masonry
41:56 Imperial Age
Corpse Highlighter
8:34 Loom
12:29 Feudal Age
17:54 Castle Age
15:37 Horse Collar
16:30 Padded Archer Armor
16:30 Fletching
20:37 Town Watch
21:20 Bodkin Arrow
22:00 Horse Collar
25:00 Squires
30:11 Wheelbarrow
32:57 Ballistics
33:38 Padded Archer Armor
36:30 Leather Archer Armor
37:23 Hand Cart
37:55 Bloodlines
37:46 Husbandry
37:52 Scale Barding Armor
41:47 Imperial Age
39:29 Forging
Reis
6:14 Loom
13:14 Feudal Age
18:27 Castle Age
19:57 Fletching
21:42 Bodkin Arrow
27:29 Fishing Lines
30:42 Double-Bit Axe
Seifer
4:16 Loom
15:37 Feudal Age
16:12 Gold Mining
16:09 Double-Bit Axe
16:11 Town Watch
16:08 Fishing Lines
18:56 Wheelbarrow
20:23 Castle Age
18:26 Stone Mining
21:23 Bow Saw
21:38 Fletching
22:24 Gillnets
22:45 Medium Warships
22:47 Bodkin Arrow
23:58 Horse Collar
27:15 Imperial Age
26:06 Wheelbarrow
25:33 Heavy Plow
25:54 Padded Archer Armor
28:05 Ballistics
28:03 Leather Archer Armor
27:55 Medical Corps
29:12 Two-Man Saw
28:35 Conscription
28:35 Bracer
29:55 Thumb Ring
33:47 Ring Archer Armor
33:50 Husbandry
33:34 Elite Skirmisher
34:18 Imperial Skirmisher
36:46 Scale Mail Armor
36:57 Forging
37:09 Hand Cart
37:15 Squires
37:01 Arson
37:02 Elite Urumi Swordsman
37:50 Pikeman
39:09 Hoardings
39:24 Masonry
40:15 Chemistry
40:01 Murder Holes
Boop
9:49 Loom
12:24 Feudal Age
13:00 Double-Bit Axe
13:11 Gold Mining
15:21 Forging
15:55 Fishing Lines
17:36 Fletching
27:41 Castle Age
28:36 Bow Saw
29:37 Horse Collar
34:01 Wheelbarrow
34:11 Town Watch
38:20 Bodkin Arrow
39:52 Scale Mail Armor
40:28 Iron Casting
鬼洗
4:44 Loom
12:55 Feudal Age
18:12 Castle Age
16:29 Double-Bit Axe
18:25 Pikeman
24:56 Ballistics
amtiky
11:41 Loom
13:39 Feudal Age
18:08 Castle Age
16:16 Double-Bit Axe
17:28 Stone Mining
17:30 Gold Mining
17:28 Fishing Lines
18:28 Fletching
19:27 Bodkin Arrow
27:32 Padded Archer Armor
29:16 Bow Saw
30:11 Horse Collar
33:35 Wheelbarrow
33:18 Leather Archer Armor
35:13 Gold Mining
36:40 Ballistics
36:48 Heavy Plow
Connection lost

Rejoining the realm…

Still unreachable

The connection could not be restored.

Session expired

The server has moved on; the page needs a fresh start.